Golden Seals vs Blues

Created - 5 mars 2018 at 17:59

Goals
1 2 3 OT1 T
Golden Seals 2 0 1 1 4
Blues 0 3 0 0 3
Shots
1 2 3 OT1 T
Golden Seals 14 10 15 3 42
Blues 12 10 7 3 32

1st period

1. Golden Seals , Tyler Toffoli 17 (Mike Fisher 28, Nate Schmidt 1) at 6:03
2. Golden Seals , Jaden Schwartz 31 (Joe Pavelski 43, Jonathan Toews 44) at 13:32

Penalties :
No Penalty

2nd period

3. Blues , Andrew Cogliano 17 (Alexey Marchenko 2) at 3:58
4. Blues , Jori Lehtera 7 (Trevor Daley 15, Matt Martin 5) at 16:44
5. Blues , Cody Eakin 10 (Andrew Cogliano 11, Jordan Oesterle 4) at 19:12

Penalties :
Keith Yandle (CLF) for Goalie Interference (Minor) at 7:08, Brenden Dillon (STL) for Hooking (Minor) at 19:21

3rd period

6. Golden Seals , Mike Fisher 20 (Mark Letestu 16, Sergei Bobrovsky) at 0:33 (PP)

Penalties :
David Schlemko (STL) for Interference (Minor) at 9:02

Overtime #1

7. Golden Seals , Colin Wilson 14 (Cody Ceci 15) at 3:38

Penalties :
No Penalty

Goalie Stats

Sergei Bobrovsky (CLF), 29 saves from 32 shots - (0,906), W, 33-11-6, 63:38 minutes
Calvin Pickard (STL), 38 saves from 42 shots - (0,905), OTL, 8-10-2, 63:38 minutes

Players Stats for Golden Seals

Player Name              G  A  P  +/- PIM S  H  SB GA TA FO     MP     PP MP  PK MP  
------------------------------------------------------------------------------------
Barclay Goodrow          0  0  0   0  0   1  0  0  0  1  1/3    10:03   0:00   0:24 
Cody Ceci                0  1  1   1  0   1  2  2  0  1  0/0    23:32   0:00   1:44 
Cody Franson             0  0  0   0  0   2  1  1  0  0  0/0    15:59   0:39   0:15 
Colin Wilson             1  0  1   1  0   3  2  0  0  0  0/1    14:03   0:00   1:09 
Colton Parayko           0  0  0   0  0   1  1  1  1  3  0/0    24:42   0:00   1:18 
Jaden Schwartz           1  0  1   0  0   6  0  2  0  1  0/0    21:07   1:46   0:00 
Joe Pavelski             0  1  1   0  0   4  3  0  2  0  0/2    22:04   1:46   0:00 
Jonathan Toews           0  1  1   0  0   4  1  0  0  0  25/37  22:01   1:46   0:00 
Keith Yandle             0  0  0  -1  2   1  0  0  1  0  0/0    22:50   2:32   0:00 
Mark Letestu             0  1  1   0  0   2  1  2  1  1  9/14   16:55   2:32   1:09 
Max Domi                 0  0  0  -1  0   1  2  0  0  0  0/2    15:15   0:00   0:24 
Mike Fisher              1  1  2  -1  0   3  4  1  0  0  6/16   17:26   1:25   0:26 
Miles Wood               0  0  0   0  0   1  0  0  0  0  2/2     9:18   0:00   0:26 
Nate Schmidt             0  1  1   0  0   2  0  1  0  0  0/0    14:38   0:00   0:00 
Olli Maatta              0  0  0  -1  0   3  1  2  0  0  0/0    19:43   0:39   0:41 
Ondrej Kase              0  0  0   0  0   3  0  0  1  0  0/0     8:52   0:00   0:00 
Robby Fabbri             0  0  0   0  0   1  4  1  1  0  1/1    14:19   1:25   0:00 
Tyler Toffoli            1  0  1   0  0   3  1  1  2  0  0/0    16:07   1:25   0:00 

Players Stats for Blues

Player Name              G  A  P  +/- PIM S  H  SB GA TA FO     MP     PP MP  PK MP  
------------------------------------------------------------------------------------
Alexey Marchenko         0  1  1  -1  0   1  1  3  0  1  0/0    19:47   0:48   1:01 
Andrew Cogliano          1  1  2   0  0   4  4  0  2  1  12/36  28:31   1:07   2:10 
Brenden Dillon           0  0  0   1  2   1  1  3  1  2  0/0    28:59   1:11   0:58 
Clarke MacArthur         0  0  0   0  0   4  0  0  2  0  1/4    19:03   0:52   0:28 
Cody Eakin               1  0  1  -1  0   7  0  1  0  0  4/4    23:22   1:07   2:13 
David Schlemko           0  0  0  -1  2   2  0  2  0  1  0/0    18:09   0:48   0:00 
Jamie McGinn             0  0  0   0  0   2  0  0  0  0  1/1    17:17   0:52   0:00 
Jordan Oesterle          0  1  1   1  0   1  0  2  0  0  0/0    14:39   0:00   2:13 
Jori Lehtera             1  0  1   1  0   3  3  2  0  0  5/10   14:42   0:00   0:27 
Kevin Porter             0  0  0   1  0   2  0  0  0  0  3/4     5:47   0:00   0:00 
Marcus Kruger            0  0  0  -1  0   0  1  1  1  0  7/16   18:30   0:52   0:28 
Mark Fayne               0  0  0   1  0   0  1  0  0  1  0/0    11:41   0:00   0:00 
Matt Martin              0  1  1   1  0   2  1  0  0  0  0/0    14:29   0:00   0:32 
Melker Karlsson          0  0  0  -2  0   0  3  2  1  0  1/3    20:56   1:07   0:04 
Nate Thompson            0  0  0   0  0   0  0  0  0  0  0/0     1:00   0:00   0:00 
Rene Bourque             0  0  0   1  0   1  1  0  0  1  0/0    14:13   0:00   0:00 
Ryan Reaves              0  0  0   1  0   0  0  0  0  0  0/0     5:47   0:00   0:00 
Trevor Daley             0  1  1   0  0   2  2  2  0  2  0/0    30:49   1:11   2:10 

3 Stars

1 - Andrew Cogliano (STL)
2 - Mike Fisher (CLF)
3 - Jori Lehtera (STL)

Power Play

Golden Seals - 1 on 2 Attempt(s) - 50,00%
Blues - 0 on 1 Attempt(s) - 0,00%

Penalty Kill

Golden Seals - 1 on 1 Attempt(s) - 100,00% - Score 0 goal in Penalty Kill
Blues - 1 on 2 Attempt(s) - 50,00% - Score 0 goal in Penalty Kill

Team Stat

Golden Seals - Hits : 23 - Faceoff Wins : 44 - Blocked Shots : 14 - Penalty Minutes : 2
Blues - Hits : 18 - Faceoff Wins : 34 - Blocked Shots : 18 - Penalty Minutes : 4

Official

Referees : Greg Kimmerly and Francois StLaurent
Linesman : Michel Cormier and Steve Barton

Game Notes

Jaden Schwartz is injured at 2:19 of 1st overtime period (Sprained Right Finger)

Finance

Level 1 -- Attendance: 4280 (71,33%) -- Ticket Income 428 000 $
Level 2 -- Attendance: 4509 (90,18%) -- Ticket Income 270 540 $
Level 3 -- Attendance: 1496 (74,80%) -- Ticket Income 59 840 $
Level 4 -- Attendance: 2471 (61,78%) -- Ticket Income 74 130 $
Luxury Box -- Attendance: 778 (77,80%) -- Ticket Income 155 600 $
Game was played at the St.Louis Garden.
Total Attendance: 13534 (75,19%)
Total Ticket Income: 988 110 $
Other Income: 484 174 $
Total Income: 1 472 284 $

Golden Seals

5 vs 5 Forward 
   Center                   Left Wing                Right Wing               Time % Phy DF OF 
 1 Jonathan Toews           Joe Pavelski             Jaden Schwartz           38     0   1  4  
 2 Mike Fisher              Max Domi                 Tyler Toffoli            30     0   2  3  
 3 Mark Letestu             Colin Wilson             Robby Fabbri             22     0   2  3  
 4 Barclay Goodrow          Miles Wood               Ondrej Kase              10     1   2  2  

5 vs 5 Defense 
   Defense                  Defense                                           Time % Phy DF OF 
 1 Colton Parayko           Cody Ceci                                         40     0   3  2  
 2 Keith Yandle             Olli Maatta                                       34     0   3  2  
 3 Cody Franson             Nate Schmidt                                      26     0   4  1  
 4 Cody Ceci                Keith Yandle                                      0      1   2  2  

PowerPlay Forward 
   Center                   Left Wing                Right Wing               Time % Phy DF OF 
 1 Jonathan Toews           Joe Pavelski             Jaden Schwartz           60     0   0  5  
 2 Mike Fisher              Robby Fabbri             Tyler Toffoli            40     0   0  5  

PowerPlay Defense
   Defense                  Defense                                           Time % Phy DF OF 
 1 Mark Letestu             Keith Yandle                                      75     0   1  4  
 2 Cody Franson             Olli Maatta                                       25     0   1  4  

Penalty Kill 4 Players Forward 
   Center                   Wing                     Time % Phy DF OF 
 1 Mark Letestu             Colin Wilson             60     1   4  0  
 2 Mike Fisher              Miles Wood               40     1   4  0  

Penalty Kill 4 Players Defense
   Defense                  Defense                  Time % Phy DF OF 
 1 Colton Parayko           Cody Ceci                60     1   4  0  
 2 Keith Yandle             Olli Maatta              40     1   4  0  

Penalty Kill - 3 Players Forward 
   Forward                                           Time % Phy DF OF 
 1 Joe Pavelski                                      60     1   4  0  
 2 Jonathan Toews                                    40     1   4  0  

Penalty Kill - 3 Players Defense
   Defense                  Defense                  Time % Phy DF OF 
 1 Colton Parayko           Cody Ceci                60     0   5  0  
 2 Keith Yandle             Olli Maatta              40     0   5  0  

4 vs 4 Forward 
   Center                   Wing                     Time % Phy DF OF 
 1 Joe Pavelski             Jonathan Toews           60     0   2  3  
 2 Mike Fisher              Jaden Schwartz           40     0   2  3  

4 vs 4 Defense
   Defense                  Defense                  Time % Phy DF OF 
 1 Colton Parayko           Cody Ceci                60     0   3  2  
 2 Keith Yandle             Olli Maatta              40     0   3  2  

Last Minutes Offensive
   Center                   Left Wing                Right Wing               Defense                  Defense                  
   Jonathan Toews           Joe Pavelski             Jaden Schwartz           Colton Parayko           Keith Yandle             

Last Minutes Defensive
   Center                   Left Wing                Right Wing               Defense                  Defense                  
   Mike Fisher              Jaden Schwartz           Mark Letestu             Cody Ceci                Colton Parayko           

Goaltenders
Starting : Sergei Bobrovsky         
Backup : Andrei Vasilevskiy       

Extra Forwards
Normal : Robby Fabbri, Colin Wilson, Max Domi - PP : Max Domi, Colin Wilson - PK : Max Domi
Extra Defensemen
Normal : Cody Franson, Olli Maatta, Cody Ceci - PP : Cody Ceci - PK : Olli Maatta, Cody Ceci
Penalty Shots
Joe Pavelski, Jonathan Toews, Mike Fisher, Jaden Schwartz, Mark Letestu
Custom OT Lines Forwards
Joe Pavelski, Jonathan Toews, Mike Fisher, Jaden Schwartz, Mark Letestu, Tyler Toffoli, Colin Wilson, Max Domi, Robby Fabbri, Miles Wood
Custom OT Lines Defensemen
Colton Parayko, Keith Yandle, Cody Ceci, Olli Maatta, Cody Franson

Scratches
Robert Hagg (Healthy)

Blues

5 vs 5 Forward 
   Center                   Left Wing                Right Wing               Time % Phy DF OF 
 1 Andrew Cogliano          Cody Eakin               Melker Karlsson          40     1   2  2  
 2 Marcus Kruger            Clarke MacArthur         Jamie McGinn             30     1   2  2  
 3 Jori Lehtera             Rene Bourque             Matt Martin              20     1   2  2  
 4 Kevin Porter             Ryan Reaves              Andrew Cogliano          10     1   2  2  

5 vs 5 Defense 
   Defense                  Defense                                           Time % Phy DF OF 
 1 Trevor Daley             Brenden Dillon                                    40     1   2  2  
 2 Alexey Marchenko         David Schlemko                                    30     1   2  2  
 3 Mark Fayne               Jordan Oesterle                                   20     1   2  2  
 4 Trevor Daley             Brenden Dillon                                    10     1   2  2  

PowerPlay Forward 
   Center                   Left Wing                Right Wing               Time % Phy DF OF 
 1 Andrew Cogliano          Cody Eakin               Melker Karlsson          60     1   2  2  
 2 Marcus Kruger            Clarke MacArthur         Jamie McGinn             40     1   2  2  

PowerPlay Defense
   Defense                  Defense                                           Time % Phy DF OF 
 1 Trevor Daley             Brenden Dillon                                    60     1   2  2  
 2 Alexey Marchenko         David Schlemko                                    40     1   2  2  

Penalty Kill 4 Players Forward 
   Center                   Wing                     Time % Phy DF OF 
 1 Andrew Cogliano          Cody Eakin               60     1   2  2  
 2 Clarke MacArthur         Marcus Kruger            40     1   2  2  

Penalty Kill 4 Players Defense
   Defense                  Defense                  Time % Phy DF OF 
 1 Trevor Daley             Brenden Dillon           60     1   2  2  
 2 Alexey Marchenko         David Schlemko           40     1   2  2  

Penalty Kill - 3 Players Forward 
   Forward                                           Time % Phy DF OF 
 1 Andrew Cogliano                                   60     1   2  2  
 2 Cody Eakin                                        40     1   2  2  

Penalty Kill - 3 Players Defense
   Defense                  Defense                  Time % Phy DF OF 
 1 Trevor Daley             Brenden Dillon           60     1   2  2  
 2 Alexey Marchenko         David Schlemko           40     1   2  2  

4 vs 4 Forward 
   Center                   Wing                     Time % Phy DF OF 
 1 Andrew Cogliano          Cody Eakin               60     1   2  2  
 2 Clarke MacArthur         Marcus Kruger            40     1   2  2  

4 vs 4 Defense
   Defense                  Defense                  Time % Phy DF OF 
 1 Trevor Daley             Brenden Dillon           60     1   2  2  
 2 Alexey Marchenko         David Schlemko           40     1   2  2  

Last Minutes Offensive
   Center                   Left Wing                Right Wing               Defense                  Defense                  
   Andrew Cogliano          Cody Eakin               Melker Karlsson          Trevor Daley             Brenden Dillon           

Last Minutes Defensive
   Center                   Left Wing                Right Wing               Defense                  Defense                  
   Andrew Cogliano          Cody Eakin               Melker Karlsson          Trevor Daley             Brenden Dillon           

Goaltenders
Starting : Calvin Pickard           
Backup : Tom McCollum             

Extra Forwards
Normal : Nate Thompson, Rene Bourque, Matt Martin - PP : Nate Thompson, Rene Bourque - PK : Matt Martin
Extra Defensemen
Normal : Mark Fayne, Jordan Oesterle, Alexey Marchenko - PP : Mark Fayne - PK : Jordan Oesterle, Alexey Marchenko
Penalty Shots
Andrew Cogliano, Cody Eakin, Clarke MacArthur, Marcus Kruger, Melker Karlsson
Custom OT Lines Forwards
Andrew Cogliano, Cody Eakin, Clarke MacArthur, Marcus Kruger, Melker Karlsson, Jamie McGinn, Rene Bourque, Matt Martin, Jori Lehtera, Ryan Reaves
Custom OT Lines Defensemen
Trevor Daley, Brenden Dillon, Alexey Marchenko, David Schlemko, Mark Fayne

Scratches
Scott Mayfield (Healthy), Kevin Gravel (Healthy), Jordan Szwarz (Healthy)

% Time on Ice - Golden Seals

Lines # - Real PCT - Wanted PCT - Time Play
Normal Forward
1 - 35% - 38% - 19:26
2 - 26% - 30% - 14:12
3 - 22% - 22% - 12:20
4 - 16% - 10% - 8:52
Normal Defense
1 - 40% - 40% - 21:49
2 - 34% - 34% - 18:23
3 - 27% - 26% - 14:38
4 - 0% - 0% - 0:00
PP Forward
1 - 55% - 60% - 1:46
2 - 45% - 40% - 1:25
PP Defense
1 - 80% - 75% - 2:32
2 - 20% - 25% - 0:39
PK Forward
1 - 78% - 60% - 1:33
2 - 22% - 40% - 0:26
PK Defense
1 - 66% - 60% - 1:18
2 - 34% - 40% - 0:41
PK3 Forward
1 - 0% - 60%
2 - 0% - 40%
PK3 Defense
1 - 0% - 60%
2 - 0% - 40%
44 Forward
1 - 0% - 60%
2 - 0% - 40%
44 Defense
1 - 0% - 60%
2 - 0% - 40%
Last Minute Offensive  - 0:00
Last Minute Defensive  - 0:00
Total
Forward - 60:00
Defense - 60:00

% Time on Ice - Blues

Lines # - Real PCT - Wanted PCT - Time Play
Normal Forward
1 - 36% - 40% - 19:35
2 - 29% - 30% - 15:56
3 - 25% - 20% - 13:32
4 - 11% - 10% - 5:47
Normal Defense
1 - 39% - 40% - 21:22
2 - 32% - 30% - 17:39
3 - 21% - 20% - 11:41
4 - 8% - 10% - 4:08
PP Forward
1 - 56% - 60% - 1:07
2 - 44% - 40% - 0:52
PP Defense
1 - 60% - 60% - 1:11
2 - 40% - 40% - 0:48
PK Forward
1 - 85% - 60% - 2:43
2 - 15% - 40% - 0:28
PK Defense
1 - 68% - 60% - 2:10
2 - 32% - 40% - 1:01
PK3 Forward
1 - 0% - 60%
2 - 0% - 40%
PK3 Defense
1 - 0% - 60%
2 - 0% - 40%
44 Forward
1 - 0% - 60%
2 - 0% - 40%
44 Defense
1 - 0% - 60%
2 - 0% - 40%
Last Minute Offensive  - 0:00
Last Minute Defensive  - 0:00
Total
Forward - 60:00
Defense - 60:00

Play by Play

1st period


0:01 of 1st period - Andrew Cogliano wins face-off versus Jonathan Toews in neutral zone.
1:01 of 1st period - Off-side.
1:02 of 1st period - Miles Wood wins face-off versus Marcus Kruger in neutral zone.
1:34 of 1st period - Snap shot by Rene Bourque.
1:34 of 1st period - Shot Misses the Net.
1:36 of 1st period - Slapshot by Alexey Marchenko.
1:36 of 1st period - Shot Misses the Net.
1:52 of 1st period - Snap shot by Rene Bourque.
1:52 of 1st period - Deflect By Kevin Porter.
1:52 of 1st period - Stopped by Sergei Bobrovsky without a rebound.
1:53 of 1st period - Kevin Porter wins face-off versus Mike Fisher in Golden Seals zone.
2:14 of 1st period - Slapshot by Tyler Toffoli.
2:14 of 1st period - Deflect By Max Domi.
2:14 of 1st period - Shot Misses the Net.
2:14 of 1st period - Puck is out of play.
2:15 of 1st period - Marcus Kruger wins face-off versus Mark Letestu in Blues zone.
2:30 of 1st period - Snap shot by Clarke MacArthur.
2:30 of 1st period - Stopped by Sergei Bobrovsky without a rebound.
2:31 of 1st period - Jori Lehtera wins face-off versus Joe Pavelski in Golden Seals zone.
2:42 of 1st period - Slapshot by Jaden Schwartz.
2:42 of 1st period - Shot Misses the Net.
3:40 of 1st period - Snap shot by Ondrej Kase.
3:40 of 1st period - Stopped by Calvin Pickard without a rebound.
3:41 of 1st period - Barclay Goodrow wins face-off versus Jori Lehtera in Blues zone.
4:04 of 1st period - Barclay Goodrow is hit by Brenden Dillon and loses puck.
4:27 of 1st period - Wrist shot by Matt Martin.
4:27 of 1st period - Stopped by Sergei Bobrovsky with a rebound.
5:18 of 1st period - Icing by Trevor Daley.
5:19 of 1st period - Jonathan Toews wins face-off versus Jori Lehtera in Blues zone.
5:22 of 1st period - Wrist shot by Jaden Schwartz.
5:22 of 1st period - Stopped by Calvin Pickard with a rebound.
5:46 of 1st period - Slapshot by Rene Bourque.
5:46 of 1st period - Shot Misses the Net.
5:48 of 1st period - Snap shot by Trevor Daley.
5:48 of 1st period - Stopped by Sergei Bobrovsky without a rebound.
5:49 of 1st period - Mike Fisher wins face-off versus Andrew Cogliano in Golden Seals zone.
6:01 of 1st period - Wrist shot by Tyler Toffoli.
6:01 of 1st period - Stopped by Calvin Pickard with a rebound.
6:03 of 1st period - Snap shot by Tyler Toffoli.
6:03 of 1st period - Goal by Tyler Toffoli - Golden Seals : 1 - Blues : 0.
6:04 of 1st period - Jonathan Toews wins face-off versus Andrew Cogliano in neutral zone.
6:07 of 1st period - Snap shot by Jaden Schwartz.
6:07 of 1st period - Stopped by Calvin Pickard without a rebound.
6:08 of 1st period - Jonathan Toews wins face-off versus Andrew Cogliano in Blues zone.
6:35 of 1st period - Alexey Marchenko is hit by Robby Fabbri and loses puck.
7:02 of 1st period - Wrist shot by Tyler Toffoli.
7:02 of 1st period - Shot Misses the Net.
7:04 of 1st period - Slapshot by Mike Fisher.
7:04 of 1st period - Shot Blocked by David Schlemko.
7:06 of 1st period - Slapshot by Nate Schmidt.
7:06 of 1st period - Deflect By Kevin Porter.
7:06 of 1st period - Stopped by Calvin Pickard with a rebound.
7:08 of 1st period - Snap shot by Tyler Toffoli.
7:08 of 1st period - Stopped by Calvin Pickard with a rebound.
7:28 of 1st period - Snap shot by Ondrej Kase.
7:28 of 1st period - Shot Misses the Net.
8:27 of 1st period - Snap shot by Mike Fisher.
8:27 of 1st period - Shot Misses the Net.
8:29 of 1st period - Slapshot by Keith Yandle.
8:29 of 1st period - Stopped by Calvin Pickard with a rebound.
8:31 of 1st period - Slapshot by Colin Wilson.
8:31 of 1st period - Shot Blocked by Jordan Oesterle.
8:33 of 1st period - Slapshot by Olli Maatta.
8:33 of 1st period - Shot Blocked by Jori Lehtera.
8:35 of 1st period - Slapshot by Keith Yandle.
8:35 of 1st period - Shot Blocked by Jordan Oesterle.
8:37 of 1st period - Snap shot by Mark Letestu.
8:37 of 1st period - Shot Misses the Net.
9:02 of 1st period - Snap shot by Clarke MacArthur.
9:02 of 1st period - Stopped by Sergei Bobrovsky with a rebound.
9:55 of 1st period - Wrist shot by Barclay Goodrow.
9:55 of 1st period - Stopped by Calvin Pickard without a rebound.
9:56 of 1st period - Jori Lehtera wins face-off versus Jonathan Toews in Blues zone.
10:23 of 1st period - Mike Fisher is hit by Marcus Kruger and loses puck.
10:28 of 1st period - Snap shot by Clarke MacArthur.
10:28 of 1st period - Deflect By Jamie McGinn.
10:28 of 1st period - Shot Misses the Net.
10:28 of 1st period - Puck is out of play.
10:29 of 1st period - Andrew Cogliano wins face-off versus Mark Letestu in Golden Seals zone.
10:58 of 1st period - Alexey Marchenko is hit by Olli Maatta and loses puck.
11:17 of 1st period - Cody Ceci is hit by Matt Martin and loses puck.
12:15 of 1st period - Icing by Andrew Cogliano.
12:16 of 1st period - Jonathan Toews wins face-off versus Kevin Porter in Blues zone.
12:19 of 1st period - Slapshot by Jonathan Toews.
12:19 of 1st period - Shot Hit the Post.
12:21 of 1st period - Slapshot by Olli Maatta.
12:21 of 1st period - Shot Hit the Post.
12:27 of 1st period - Snap shot by Jonathan Toews.
12:27 of 1st period - Stopped by Calvin Pickard without a rebound.
12:28 of 1st period - Marcus Kruger wins face-off versus Jonathan Toews in Blues zone.
12:35 of 1st period - Snap shot by Clarke MacArthur.
12:35 of 1st period - Stopped by Sergei Bobrovsky with a rebound.
12:55 of 1st period - Mike Fisher is hit by Mark Fayne.
12:59 of 1st period - Wrist shot by Rene Bourque.
12:59 of 1st period - Shot Misses the Net.
13:01 of 1st period - Slapshot by Alexey Marchenko.
13:01 of 1st period - Shot Misses the Net.
13:03 of 1st period - Slapshot by David Schlemko.
13:03 of 1st period - Shot Blocked by Mike Fisher.
13:05 of 1st period - Wrist shot by Matt Martin.
13:05 of 1st period - Stopped by Sergei Bobrovsky without a rebound.
13:06 of 1st period - Andrew Cogliano wins face-off versus Jonathan Toews in Golden Seals zone.
13:12 of 1st period - Icing by Jaden Schwartz.
13:13 of 1st period - Jonathan Toews wins face-off versus Andrew Cogliano in Golden Seals zone.
13:30 of 1st period - Slapshot by Jaden Schwartz.
13:30 of 1st period - Shot Blocked by Trevor Daley.
13:32 of 1st period - Snap shot by Jaden Schwartz.
13:32 of 1st period - Goal by Jaden Schwartz - Golden Seals : 2 - Blues : 0.
13:33 of 1st period - Jonathan Toews wins face-off versus Andrew Cogliano in neutral zone.
14:07 of 1st period - Wrist shot by Tyler Toffoli.
14:07 of 1st period - Shot Blocked by Brenden Dillon.
15:11 of 1st period - Snap shot by Cody Eakin.
15:11 of 1st period - Stopped by Sergei Bobrovsky without a rebound.
15:12 of 1st period - Andrew Cogliano wins face-off versus Max Domi in Golden Seals zone.
15:15 of 1st period - Wrist shot by Cody Eakin.
15:15 of 1st period - Deflect By Mike Fisher.
15:15 of 1st period - Stopped by Sergei Bobrovsky without a rebound.
15:16 of 1st period - Mike Fisher wins face-off versus Marcus Kruger in Golden Seals zone.
15:25 of 1st period - Snap shot by Jamie McGinn.
15:25 of 1st period - Stopped by Sergei Bobrovsky with a rebound.
15:44 of 1st period - Icing by Joe Pavelski.
15:45 of 1st period - Jonathan Toews wins face-off versus Andrew Cogliano in Golden Seals zone.
16:10 of 1st period - Olli Maatta is hit by Andrew Cogliano.
16:14 of 1st period - Snap shot by Andrew Cogliano.
16:14 of 1st period - Shot Blocked by Olli Maatta.
16:16 of 1st period - Slapshot by David Schlemko.
16:16 of 1st period - Stopped by Sergei Bobrovsky without a rebound.
16:17 of 1st period - Mark Letestu wins face-off versus Clarke MacArthur in Golden Seals zone.
16:32 of 1st period - Slapshot by Colin Wilson.
16:32 of 1st period - Stopped by Calvin Pickard without a rebound.
16:33 of 1st period - Mike Fisher wins face-off versus Andrew Cogliano in Blues zone.
16:44 of 1st period - Wrist shot by Melker Karlsson.
16:44 of 1st period - Shot Blocked by Cody Ceci.
16:46 of 1st period - Wrist shot by Andrew Cogliano.
16:46 of 1st period - Shot Misses the Net.
16:48 of 1st period - Wrist shot by Cody Eakin.
16:48 of 1st period - Stopped by Sergei Bobrovsky without a rebound.
16:49 of 1st period - Mark Letestu wins face-off versus Marcus Kruger in Golden Seals zone.
16:54 of 1st period - Snap shot by Mark Letestu.
16:54 of 1st period - Stopped by Calvin Pickard without a rebound.
16:55 of 1st period - Marcus Kruger wins face-off versus Mark Letestu in Blues zone.
17:02 of 1st period - Mark Letestu is hit by Trevor Daley and loses puck.
17:31 of 1st period - Snap shot by Jonathan Toews.
17:31 of 1st period - Deflect By Jaden Schwartz.
17:31 of 1st period - Deflect By Cody Eakin.
17:31 of 1st period - Stopped by Calvin Pickard without a rebound.
17:32 of 1st period - Marcus Kruger wins face-off versus Mike Fisher in Blues zone.
17:58 of 1st period - Andrew Cogliano is hit by Jonathan Toews and loses puck.
18:55 of 1st period - Jamie McGinn is hit by Tyler Toffoli.
19:19 of 1st period - Olli Maatta is hit by Andrew Cogliano and loses puck.
19:40 of 1st period - Mark Fayne is hit by Colin Wilson and loses puck.
Goals for this period are 2 for Golden Seals vs 0 for Blues.
Shots for this period are 14 for Golden Seals vs 12 for Blues.

2nd period


0:01 of 2nd period - Jonathan Toews wins face-off versus Andrew Cogliano in neutral zone.
0:01 of 2nd period - Jonathan Toews is hit by Melker Karlsson.
0:31 of 2nd period - Off-side.
0:32 of 2nd period - Clarke MacArthur wins face-off versus Mike Fisher in neutral zone.
0:43 of 2nd period - Slapshot by Clarke MacArthur.
0:43 of 2nd period - Stopped by Sergei Bobrovsky with a rebound.
0:45 of 2nd period - Wrist shot by Jamie McGinn.
0:45 of 2nd period - Stopped by Sergei Bobrovsky without a rebound.
0:46 of 2nd period - Andrew Cogliano wins face-off versus Jonathan Toews in Golden Seals zone.
0:59 of 2nd period - Wrist shot by Andrew Cogliano.
0:59 of 2nd period - Shot Blocked by Jaden Schwartz.
1:15 of 2nd period - Off-side.
1:16 of 2nd period - Mike Fisher wins face-off versus Marcus Kruger in neutral zone.
1:29 of 2nd period - Snap shot by Mike Fisher.
1:29 of 2nd period - Shot Misses the Net.
1:31 of 2nd period - Slapshot by Cody Ceci.
1:31 of 2nd period - Shot Misses the Net.
1:49 of 2nd period - Wrist shot by Joe Pavelski.
1:49 of 2nd period - Shot Blocked by Melker Karlsson.
1:51 of 2nd period - Snap shot by Jaden Schwartz.
1:51 of 2nd period - Shot Misses the Net.
2:07 of 2nd period - Wrist shot by Matt Martin.
2:07 of 2nd period - Deflect By Rene Bourque.
2:07 of 2nd period - Shot Misses the Net.
2:07 of 2nd period - Puck is out of play.
2:08 of 2nd period - Marcus Kruger wins face-off versus Mike Fisher in Golden Seals zone.
2:22 of 2nd period - Trevor Daley is hit by Mike Fisher and loses puck.
2:35 of 2nd period - Jaden Schwartz is hit by Rene Bourque and loses puck.
3:06 of 2nd period - Snap shot by Andrew Cogliano.
3:06 of 2nd period - Deflect By Melker Karlsson.
3:06 of 2nd period - Shot Misses the Net.
3:06 of 2nd period - Puck is out of play.
3:07 of 2nd period - Mark Letestu wins face-off versus Melker Karlsson in Golden Seals zone.
3:32 of 2nd period - Jamie McGinn is hit by Joe Pavelski and loses puck.
3:52 of 2nd period - Wrist shot by Andrew Cogliano.
3:52 of 2nd period - Shot Misses the Net.
3:54 of 2nd period - Slapshot by Alexey Marchenko.
3:54 of 2nd period - Shot Misses the Net.
3:56 of 2nd period - Slapshot by Alexey Marchenko.
3:56 of 2nd period - Deflect By Tyler Toffoli.
3:56 of 2nd period - Stopped by Sergei Bobrovsky with a rebound.
3:58 of 2nd period - Snap shot by Andrew Cogliano.
3:58 of 2nd period - Goal by Andrew Cogliano - Golden Seals : 2 - Blues : 1.
3:59 of 2nd period - Andrew Cogliano wins face-off versus Jonathan Toews in neutral zone.
4:28 of 2nd period - Brenden Dillon is hit by Max Domi and loses puck.
4:49 of 2nd period - Slapshot by Rene Bourque.
4:49 of 2nd period - Shot Misses the Net.
5:13 of 2nd period - Off-side.
5:14 of 2nd period - Miles Wood wins face-off versus Andrew Cogliano in neutral zone.
5:19 of 2nd period - Slapshot by Nate Schmidt.
5:19 of 2nd period - Stopped by Calvin Pickard with a rebound.
5:25 of 2nd period - Miles Wood is hit by Andrew Cogliano and loses puck.
5:34 of 2nd period - Slapshot by Cody Franson.
5:34 of 2nd period - Stopped by Calvin Pickard with a rebound.
5:46 of 2nd period - Wrist shot by Clarke MacArthur.
5:46 of 2nd period - Shot Misses the Net.
5:48 of 2nd period - Wrist shot by Jamie McGinn.
5:48 of 2nd period - Shot Misses the Net.
7:03 of 2nd period - Snap shot by Cody Eakin.
7:03 of 2nd period - Stopped by Sergei Bobrovsky without a rebound.
7:04 of 2nd period - Jonathan Toews wins face-off versus Andrew Cogliano in Golden Seals zone.
7:08 of 2nd period - Minor Penalty to Keith Yandle for Goalie Interference.
7:09 of 2nd period - Andrew Cogliano wins face-off versus Mark Letestu in Golden Seals zone.
7:45 of 2nd period - Snap shot by Clarke MacArthur.
7:45 of 2nd period - Deflect By Jamie McGinn.
7:45 of 2nd period - Shot Blocked by Mark Letestu.
7:45 of 2nd period - Puck is out of play.
7:46 of 2nd period - Mark Letestu wins face-off versus Clarke MacArthur in Golden Seals zone.
8:03 of 2nd period - David Schlemko is hit by Cody Ceci and loses puck.
9:08 of 2nd period - Penalty to Keith Yandle is over, Keith Yandle is back on ice.
9:34 of 2nd period - Snap shot by Kevin Porter.
9:34 of 2nd period - Stopped by Sergei Bobrovsky without a rebound.
9:35 of 2nd period - Jonathan Toews wins face-off versus Andrew Cogliano in Golden Seals zone.
10:01 of 2nd period - Off-side.
10:02 of 2nd period - Mark Letestu wins face-off versus Jori Lehtera in neutral zone.
10:09 of 2nd period - Wrist shot by Jori Lehtera.
10:09 of 2nd period - Stopped by Sergei Bobrovsky without a rebound.
10:10 of 2nd period - Mike Fisher wins face-off versus Andrew Cogliano in Golden Seals zone.
10:19 of 2nd period - Snap shot by Max Domi.
10:19 of 2nd period - Stopped by Calvin Pickard without a rebound.
10:20 of 2nd period - Andrew Cogliano wins face-off versus Mike Fisher in Blues zone.
10:46 of 2nd period - Brenden Dillon is hit by Cody Ceci and loses puck.
10:53 of 2nd period - Slapshot by Andrew Cogliano.
10:53 of 2nd period - Shot Blocked by Tyler Toffoli.
10:58 of 2nd period - Off-side.
10:59 of 2nd period - Marcus Kruger wins face-off versus Joe Pavelski in neutral zone.
11:24 of 2nd period - Jori Lehtera is hit by Robby Fabbri and loses puck.
11:29 of 2nd period - Wrist shot by Colin Wilson.
11:29 of 2nd period - Shot Misses the Net.
12:23 of 2nd period - Miles Wood is hit by Andrew Cogliano and loses puck.
12:38 of 2nd period - Slapshot by Joe Pavelski.
12:38 of 2nd period - Stopped by Calvin Pickard without a rebound.
12:39 of 2nd period - Jonathan Toews wins face-off versus Marcus Kruger in Blues zone.
13:02 of 2nd period - Backhand shot by Jonathan Toews.
13:02 of 2nd period - Stopped by Calvin Pickard without a rebound.
13:03 of 2nd period - Jori Lehtera wins face-off versus Mike Fisher in Blues zone.
13:54 of 2nd period - Wrist shot by Miles Wood.
13:54 of 2nd period - Stopped by Calvin Pickard without a rebound.
13:55 of 2nd period - Jamie McGinn wins face-off versus Barclay Goodrow in Blues zone.
14:00 of 2nd period - Slapshot by Ondrej Kase.
14:00 of 2nd period - Stopped by Calvin Pickard with a rebound.
14:02 of 2nd period - Slapshot by Colton Parayko.
14:02 of 2nd period - Shot Blocked by David Schlemko.
14:04 of 2nd period - Slapshot by Colton Parayko.
14:04 of 2nd period - Shot Misses the Net.
14:06 of 2nd period - Slapshot by Miles Wood.
14:06 of 2nd period - Deflect By Barclay Goodrow.
14:06 of 2nd period - Shot Misses the Net.
14:06 of 2nd period - Puck is out of play.
14:07 of 2nd period - Jonathan Toews wins face-off versus Andrew Cogliano in Blues zone.
14:44 of 2nd period - Snap shot by Rene Bourque.
14:44 of 2nd period - Deflect By Jori Lehtera.
14:44 of 2nd period - Shot Misses the Net.
14:44 of 2nd period - Puck is out of play.
14:45 of 2nd period - Mark Letestu wins face-off versus Andrew Cogliano in Golden Seals zone.
14:56 of 2nd period - Snap shot by Cody Eakin.
14:56 of 2nd period - Shot Blocked by Robby Fabbri.
14:58 of 2nd period - Slapshot by Trevor Daley.
14:58 of 2nd period - Deflect By Andrew Cogliano.
14:58 of 2nd period - Shot Misses the Net.
14:58 of 2nd period - Puck is out of play.
14:59 of 2nd period - Andrew Cogliano wins face-off versus Jonathan Toews in Golden Seals zone.
15:00 of 2nd period - Slapshot by Melker Karlsson.
15:00 of 2nd period - Deflect By Cody Eakin.
15:00 of 2nd period - Stopped by Sergei Bobrovsky with a rebound.
15:24 of 2nd period - Mike Fisher is hit by Jori Lehtera and loses puck.
15:47 of 2nd period - Slapshot by Trevor Daley.
15:47 of 2nd period - Shot Blocked by Mark Letestu.
16:34 of 2nd period - Snap shot by Ondrej Kase.
16:34 of 2nd period - Stopped by Calvin Pickard with a rebound.
16:44 of 2nd period - Snap shot by Jori Lehtera.
16:44 of 2nd period - Goal by Jori Lehtera - Golden Seals : 2 - Blues : 2.
16:45 of 2nd period - Andrew Cogliano wins face-off versus Jonathan Toews in neutral zone.
17:10 of 2nd period - Clarke MacArthur is hit by Max Domi and loses puck.
17:40 of 2nd period - Snap shot by Jori Lehtera.
17:40 of 2nd period - Shot Misses the Net.
18:01 of 2nd period - Colin Wilson is hit by Melker Karlsson and loses puck.
18:16 of 2nd period - Wrist shot by Robby Fabbri.
18:16 of 2nd period - Shot Misses the Net.
18:36 of 2nd period - Slapshot by Jaden Schwartz.
18:36 of 2nd period - Shot Misses the Net.
18:38 of 2nd period - Slapshot by Olli Maatta.
18:38 of 2nd period - Deflect By Jori Lehtera.
18:38 of 2nd period - Stopped by Calvin Pickard without a rebound.
18:39 of 2nd period - Jonathan Toews wins face-off versus Andrew Cogliano in Blues zone.
18:46 of 2nd period - Wrist shot by Jaden Schwartz.
18:46 of 2nd period - Stopped by Calvin Pickard without a rebound.
18:47 of 2nd period - Jonathan Toews wins face-off versus Andrew Cogliano in Blues zone.
18:53 of 2nd period - Icing by Melker Karlsson.
18:54 of 2nd period - Jonathan Toews wins face-off versus Andrew Cogliano in Blues zone.
19:10 of 2nd period - Snap shot by Cody Eakin.
19:10 of 2nd period - Shot Blocked by Olli Maatta.
19:12 of 2nd period - Snap shot by Cody Eakin.
19:12 of 2nd period - Goal by Cody Eakin - Golden Seals : 2 - Blues : 3.
19:13 of 2nd period - Andrew Cogliano wins face-off versus Mike Fisher in neutral zone.
19:21 of 2nd period - Minor Penalty to Brenden Dillon for Hooking.
19:22 of 2nd period - Jonathan Toews wins face-off versus Andrew Cogliano in Blues zone.
19:53 of 2nd period - Trevor Daley is hit by Mike Fisher and loses puck.
Goals for this period are 0 for Golden Seals vs 3 for Blues.
Shots for this period are 10 for Golden Seals vs 10 for Blues.

3rd period


0:01 of 3rd period - Jonathan Toews wins face-off versus Andrew Cogliano in neutral zone.
0:31 of 3rd period - Slapshot by Mark Letestu.
0:31 of 3rd period - Stopped by Calvin Pickard with a rebound.
0:33 of 3rd period - Wrist shot by Mike Fisher.
0:33 of 3rd period - Goal by Mike Fisher - Golden Seals : 3 - Blues : 3.
0:34 of 3rd period - Jonathan Toews wins face-off versus Marcus Kruger in neutral zone.
0:41 of 3rd period - Wrist shot by Joe Pavelski.
0:41 of 3rd period - Shot Blocked by Brenden Dillon.
1:22 of 3rd period - Off-side.
1:23 of 3rd period - Jori Lehtera wins face-off versus Colin Wilson in neutral zone.
1:26 of 3rd period - Wrist shot by Rene Bourque.
1:26 of 3rd period - Stopped by Sergei Bobrovsky with a rebound.
1:34 of 3rd period - Wrist shot by Robby Fabbri.
1:34 of 3rd period - Shot Misses the Net.
1:36 of 3rd period - Snap shot by Colin Wilson.
1:36 of 3rd period - Stopped by Calvin Pickard without a rebound.
1:37 of 3rd period - Melker Karlsson wins face-off versus Jonathan Toews in Blues zone.
1:37 of 3rd period - Melker Karlsson is hit by Joe Pavelski.
2:41 of 3rd period - David Schlemko is hit by Mark Letestu.
3:14 of 3rd period - Snap shot by Jaden Schwartz.
3:14 of 3rd period - Shot Misses the Net.
3:16 of 3rd period - Slapshot by Cody Franson.
3:16 of 3rd period - Stopped by Calvin Pickard without a rebound.
3:17 of 3rd period - Mike Fisher wins face-off versus Jori Lehtera in Blues zone.
3:44 of 3rd period - Icing by Melker Karlsson.
3:45 of 3rd period - Jonathan Toews wins face-off versus Andrew Cogliano in Blues zone.
4:23 of 3rd period - Wrist shot by Andrew Cogliano.
4:23 of 3rd period - Shot Misses the Net.
4:25 of 3rd period - Snap shot by Andrew Cogliano.
4:25 of 3rd period - Shot Misses the Net.
4:27 of 3rd period - Slapshot by David Schlemko.
4:27 of 3rd period - Stopped by Sergei Bobrovsky without a rebound.
4:28 of 3rd period - Marcus Kruger wins face-off versus Max Domi in Golden Seals zone.
4:55 of 3rd period - Robby Fabbri is hit by Jori Lehtera.
4:58 of 3rd period - Icing by Colin Wilson.
4:59 of 3rd period - Jori Lehtera wins face-off versus Mark Letestu in Golden Seals zone.
5:16 of 3rd period - Snap shot by Jori Lehtera.
5:16 of 3rd period - Deflect By Rene Bourque.
5:16 of 3rd period - Shot Misses the Net.
5:16 of 3rd period - Puck is out of play.
5:17 of 3rd period - Andrew Cogliano wins face-off versus Mike Fisher in Golden Seals zone.
5:28 of 3rd period - Snap shot by Tyler Toffoli.
5:28 of 3rd period - Shot Misses the Net.
5:30 of 3rd period - Snap shot by Max Domi.
5:30 of 3rd period - Shot Misses the Net.
5:32 of 3rd period - Wrist shot by Mike Fisher.
5:32 of 3rd period - Stopped by Calvin Pickard with a rebound.
5:46 of 3rd period - Snap shot by Jaden Schwartz.
5:46 of 3rd period - Stopped by Calvin Pickard with a rebound.
5:48 of 3rd period - Snap shot by Joe Pavelski.
5:48 of 3rd period - Stopped by Calvin Pickard with a rebound.
6:06 of 3rd period - Wrist shot by Jori Lehtera.
6:06 of 3rd period - Stopped by Sergei Bobrovsky with a rebound.
6:08 of 3rd period - Slapshot by Jordan Oesterle.
6:08 of 3rd period - Stopped by Sergei Bobrovsky without a rebound.
6:09 of 3rd period - Robby Fabbri wins face-off versus Melker Karlsson in Golden Seals zone.
6:39 of 3rd period - Matt Martin is hit by Robby Fabbri and loses puck.
6:58 of 3rd period - Trevor Daley is hit by Mike Fisher and loses puck.
7:37 of 3rd period - Wrist shot by Miles Wood.
7:37 of 3rd period - Shot Blocked by Brenden Dillon.
8:35 of 3rd period - Off-side.
8:36 of 3rd period - Kevin Porter wins face-off versus Barclay Goodrow in neutral zone.
8:39 of 3rd period - Backhand shot by David Schlemko.
8:39 of 3rd period - Shot Hit the Post.
9:02 of 3rd period - Minor Penalty to David Schlemko for Interference.
9:03 of 3rd period - Cody Eakin wins face-off versus Jonathan Toews in Blues zone.
11:02 of 3rd period - Penalty to David Schlemko is over, David Schlemko is back on ice.
11:21 of 3rd period - Slapshot by Colton Parayko.
11:21 of 3rd period - Shot Blocked by Alexey Marchenko.
11:23 of 3rd period - Slapshot by Colton Parayko.
11:23 of 3rd period - Stopped by Calvin Pickard with a rebound.
11:33 of 3rd period - Ondrej Kase is hit by Alexey Marchenko and loses puck.
11:46 of 3rd period - Snap shot by Jamie McGinn.
11:46 of 3rd period - Deflect By Clarke MacArthur.
11:46 of 3rd period - Shot Misses the Net.
11:46 of 3rd period - Puck is out of play.
11:47 of 3rd period - Kevin Porter wins face-off versus Mike Fisher in Golden Seals zone.
11:54 of 3rd period - Slapshot by Trevor Daley.
11:54 of 3rd period - Shot Blocked by Nate Schmidt.
11:56 of 3rd period - Slapshot by Trevor Daley.
11:56 of 3rd period - Shot Blocked by Cody Franson.
11:58 of 3rd period - Wrist shot by Andrew Cogliano.
11:58 of 3rd period - Stopped by Sergei Bobrovsky without a rebound.
11:59 of 3rd period - Jonathan Toews wins face-off versus Andrew Cogliano in Golden Seals zone.
12:04 of 3rd period - Wrist shot by Melker Karlsson.
12:04 of 3rd period - Shot Blocked by Cody Ceci.
12:06 of 3rd period - Wrist shot by Cody Eakin.
12:06 of 3rd period - Stopped by Sergei Bobrovsky with a rebound.
12:08 of 3rd period - Slapshot by Brenden Dillon.
12:08 of 3rd period - Deflect By Joe Pavelski.
12:08 of 3rd period - Stopped by Sergei Bobrovsky with a rebound.
12:10 of 3rd period - Snap shot by Melker Karlsson.
12:10 of 3rd period - Shot Misses the Net.
12:26 of 3rd period - Brenden Dillon is hit by Robby Fabbri and loses puck.
12:45 of 3rd period - Mike Fisher is hit by Jori Lehtera and loses puck.
12:52 of 3rd period - Trevor Daley is hit by Mike Fisher and loses puck.
13:20 of 3rd period - Ryan Reaves is hit by Cody Franson and loses puck.
13:48 of 3rd period - Cody Eakin is hit by Colton Parayko and loses puck.
14:09 of 3rd period - Snap shot by Mike Fisher.
14:09 of 3rd period - Shot Blocked by Alexey Marchenko.
14:11 of 3rd period - Slapshot by Keith Yandle.
14:11 of 3rd period - Shot Blocked by Jori Lehtera.
14:13 of 3rd period - Slapshot by Olli Maatta.
14:13 of 3rd period - Stopped by Calvin Pickard without a rebound.
14:14 of 3rd period - Jonathan Toews wins face-off versus Jori Lehtera in Blues zone.
14:21 of 3rd period - Snap shot by Jonathan Toews.
14:21 of 3rd period - Stopped by Calvin Pickard with a rebound.
14:48 of 3rd period - Wrist shot by Mike Fisher.
14:48 of 3rd period - Stopped by Calvin Pickard with a rebound.
14:50 of 3rd period - Snap shot by Cody Ceci.
14:50 of 3rd period - Deflect By Marcus Kruger.
14:50 of 3rd period - Stopped by Calvin Pickard with a rebound.
15:25 of 3rd period - Icing by Ondrej Kase.
15:26 of 3rd period - Jonathan Toews wins face-off versus Marcus Kruger in Golden Seals zone.
15:39 of 3rd period - Wrist shot by Joe Pavelski.
15:39 of 3rd period - Stopped by Calvin Pickard without a rebound.
15:40 of 3rd period - Mark Letestu wins face-off versus Andrew Cogliano in Blues zone.
15:43 of 3rd period - Wrist shot by Mark Letestu.
15:43 of 3rd period - Shot Misses the Net.
15:45 of 3rd period - Wrist shot by Olli Maatta.
15:45 of 3rd period - Stopped by Calvin Pickard with a rebound.
15:47 of 3rd period - Slapshot by Olli Maatta.
15:47 of 3rd period - Shot Blocked by Melker Karlsson.
15:49 of 3rd period - Snap shot by Robby Fabbri.
15:49 of 3rd period - Deflect By Colin Wilson.
15:49 of 3rd period - Shot Blocked by Alexey Marchenko.
15:49 of 3rd period - Puck is out of play.
15:50 of 3rd period - Mark Letestu wins face-off versus Andrew Cogliano in Blues zone.
16:33 of 3rd period - Off-side.
16:34 of 3rd period - Jonathan Toews wins face-off versus Marcus Kruger in neutral zone.
16:39 of 3rd period - Slapshot by Cody Ceci.
16:39 of 3rd period - Shot Blocked by Marcus Kruger.
17:01 of 3rd period - Colton Parayko is hit by Trevor Daley and loses puck.
17:31 of 3rd period - Off-side.
17:32 of 3rd period - Mark Letestu wins face-off versus Andrew Cogliano in neutral zone.
17:42 of 3rd period - Snap shot by Robby Fabbri.
17:42 of 3rd period - Stopped by Calvin Pickard with a rebound.
17:44 of 3rd period - Wrist shot by Robby Fabbri.
17:44 of 3rd period - Shot Misses the Net.
17:46 of 3rd period - Wrist shot by Keith Yandle.
17:46 of 3rd period - Deflect By Mark Letestu.
17:46 of 3rd period - Shot Blocked by Trevor Daley.
17:46 of 3rd period - Puck is out of play.
17:47 of 3rd period - Jonathan Toews wins face-off versus Marcus Kruger in Blues zone.
18:37 of 3rd period - Jamie McGinn is hit by Colin Wilson.
Goals for this period are 1 for Golden Seals vs 0 for Blues.
Shots for this period are 15 for Golden Seals vs 7 for Blues.

Overtime #1


0:01 of 1st overtime period - Jonathan Toews wins face-off versus Clarke MacArthur in neutral zone.
0:10 of 1st overtime period - Snap shot by Andrew Cogliano.
0:10 of 1st overtime period - Stopped by Sergei Bobrovsky without a rebound.
0:11 of 1st overtime period - Cody Eakin wins face-off versus Mike Fisher in Golden Seals zone.
0:14 of 1st overtime period - Snap shot by Clarke MacArthur.
0:14 of 1st overtime period - Shot Misses the Net.
0:43 of 1st overtime period - Snap shot by Andrew Cogliano.
0:43 of 1st overtime period - Shot Hit the Post.
0:45 of 1st overtime period - Slapshot by Trevor Daley.
0:45 of 1st overtime period - Stopped by Sergei Bobrovsky without a rebound.
0:46 of 1st overtime period - Cody Eakin wins face-off versus Jonathan Toews in Golden Seals zone.
0:47 of 1st overtime period - Slapshot by Andrew Cogliano.
0:47 of 1st overtime period - Shot Blocked by Colton Parayko.
0:57 of 1st overtime period - Slapshot by Jonathan Toews.
0:57 of 1st overtime period - Stopped by Calvin Pickard with a rebound.
0:59 of 1st overtime period - Slapshot by Colton Parayko.
0:59 of 1st overtime period - Shot Blocked by Cody Eakin.
1:01 of 1st overtime period - Slapshot by Joe Pavelski.
1:01 of 1st overtime period - Stopped by Calvin Pickard with a rebound.
2:10 of 1st overtime period - Jamie McGinn is hit by Joe Pavelski and loses puck.
2:19 of 1st overtime period - Snap shot by Trevor Daley.
2:19 of 1st overtime period - Shot Blocked by Jaden Schwartz.
2:19 of 1st overtime period - Jaden Schwartz from Golden Seals is injured at 2:19 of 1st overtime period (Sprained Right Finger).
2:20 of 1st overtime period - Cody Eakin wins face-off versus Jonathan Toews in Golden Seals zone.
2:21 of 1st overtime period - Slapshot by Andrew Cogliano.
2:21 of 1st overtime period - Shot Misses the Net.
2:23 of 1st overtime period - Snap shot by Andrew Cogliano.
2:23 of 1st overtime period - Stopped by Sergei Bobrovsky with a rebound.
3:10 of 1st overtime period - Colton Parayko is hit by Melker Karlsson and loses puck.
3:38 of 1st overtime period - Snap shot by Colin Wilson.
3:38 of 1st overtime period - Goal by Colin Wilson - Golden Seals : 4 - Blues : 3.
Goals for this period are 1 for Golden Seals vs 0 for Blues.
Shots for this period are 3 for Golden Seals vs 3 for Blues.